 Dungeon Crawl Stone Soup version 0.16.0-11-gd45b091 (webtiles) character file.

150070 Chiseanne the Black Belt (level 17, -3/93 HPs)
             Began as a Vine Stalker Monk on Mar 17, 2015.
             Was the Champion of Makhleb.
             Slain by a salamander
             ... wielding a +0 halberd
              (6 damage)
             ... on level 4 of the Snake Pit.
             The game lasted 02:13:44 (27511 turns).

Chiseanne the Black Belt (Vine Stalker Monk)       Turns: 27511, Time: 02:13:44

Health: -3/93      AC: 25    Str: 25    XL:     17   Next: 52%
Magic:  0/34       EV: 26    Int: 13    God:    Makhleb [******]
Gold:   57         SH: 17    Dex: 33    Spells: 1 memorised, 15 levels left

rFire  . . .     SeeInvis .       - Unarmed
rCold  x . .     Clarity  +     W - +4 scale mail "Joeneeci" {-Tele rC- rN+ Str+3 Dex+10}
rNeg   + + .     SustAb   .     v - +1 shield {AC+3}
rPois  .         Gourm    .     a - +2 hat of the Bear Spirit {Spirit, +Rage rN+ MR++}
rElec  .         Spirit   +     R - +1 cloak {+Inv}
rCorr  .         Warding  .     K - +3 pair of gauntlets of War {Slay+5} (curse)
rMut   .         NoTele   +     q - +0 pair of boots
MR     +++++                    N - amulet of clarity
Stlth  +++.......               z - +4 ring of strength
                                M - ring "Gheyttog" {MR+ MP+9 Int+3 Dex+3 Stlth+}

@: lethally poisoned (-3 -> -4), almost entirely resistant to hostile
enchantments, fairly stealthy
A: fangs 3, regeneration 3, magic shield, antimagic bite, no device heal 3, rot
immunity
a: Minor Destruction, Lesser Servant of Makhleb, Major Destruction, Greater
Servant of Makhleb, Renounce Religion, Evoke Berserk Rage, Evoke Invisibility


You were on level 4 of the Snake Pit.
You worshipped Makhleb.
Makhleb was exalted by your worship.
You were very full.

You visited 6 branches of the dungeon, and saw 33 of its levels.
You also visited: Ice Cave.

You collected 3483 gold pieces.
You spent 3426 gold pieces at shops.

Inventory:

Hand weapons
 w - a +8 blowgun
Missiles
 s - 10 curare-tipped needles
 u - 65 poisoned needles
 L - 31 javelins (quivered)
Armour
 a - the +2 hat of the Bear Spirit (worn) {Spirit, +Rage rN+ MR++}
   (You bought it in a shop on level 4 of the Orcish Mines)

   It protects you from negative energy.
   It affects your resistance to hostile enchantments.
   It lets you go berserk.
 q - a +0 pair of boots (worn)
 v - a +1 shield of protection (worn)
 K - the cursed +3 pair of gauntlets of War (worn) {Slay+5}
   (You found it on level 8 of the Dungeon)

   It affects your accuracy and damage with ranged weapons and melee attacks
   (+5).
   It has a curse placed upon it.
 R - a +1 cloak of invisibility (worn)
 W - the +4 scale mail "Joeneeci" (worn) {-Tele rC- rN+ Str+3 Dex+10}
   (You bought it in a shop on level 10 of the Dungeon)

   It affects your strength (+3).
   It affects your dexterity (+10).
   It makes you vulnerable to cold.
   It protects you from negative energy.
   It prevents most forms of teleportation.
Jewellery
 x - an uncursed ring of flight
 z - a +4 ring of strength (right hand)
 M - the ring "Gheyttog" (left hand) {MR+ MP+9 Int+3 Dex+3 Stlth+}
   (You took it off a hobgoblin on level 8 of the Dungeon)

   [ring of magical power]

   It affects your intelligence (+3).
   It affects your dexterity (+3).
   It affects your resistance to hostile enchantments.
   It affects your magic capacity (+9).
   It makes you more stealthy.
 N - an amulet of clarity (around neck)
Magical devices
 e - a wand of disintegration (8)
 n - a wand of hasting (5)
 B - a wand of fire (6)
 H - a wand of lightning (1)
 P - a wand of lightning (1)
 Y - a wand of magic darts (34)
Scrolls
 f - 3 scrolls of identify
 h - 12 scrolls of teleportation
 o - 3 scrolls of fog
 r - 11 scrolls of remove curse
 t - a scroll of immolation
 A - 6 scrolls of blinking
 E - a scroll of summoning
 F - 5 scrolls of recharging
 G - 3 scrolls of fear
 Q - 2 scrolls of magic mapping
 S - a scroll of brand weapon
 V - 3 scrolls of amnesia
 X - a scroll of silence
Potions
 g - 14 potions of curing
 k - a potion of mutation
 l - a potion of agility
 m - 2 potions of haste
 p - 2 potions of might
 C - 3 potions of resistance
 D - 3 potions of restore abilities
 I - 2 potions of cancellation
 O - a potion of invisibility
 T - 2 potions of berserk rage
 Z - 2 potions of magic
Books
 c - a book of the Earth

   Spells                             Type                      Level
   a - Leda's Liquefaction            Hexes/Earth                  4
   b - Bolt of Magma                  Conjuration/Fire/Earth       5
   c - Statue Form                    Transmutation/Earth          6
   d - Iron Shot                      Conjuration/Earth            6
   e - Shatter                        Earth                        9
Miscellaneous
 i - a stone of tremors
 y - a sack of spiders
 J - a lamp of fire
 U - a phial of floods
Comestibles
 b - 6 bread rations
 d - 8 royal jellies
 j - 12 meat rations


   Skills:
 * Level 12.0 Fighting
 * Level 9.0 Armour
 * Level 13.3 Dodging
 - Level 2.4 Stealth
 * Level 13.1 Shields
 * Level 15.8 Unarmed Combat
 - Level 3.1 Evocations


You had 15 spell levels left.
You knew the following spells:

 Your Spells              Type           Power        Failure   Level  Hunger
a - Apportation           Tloc           #.........   80%         1    ##.....


Dungeon Overview and Level Annotations

Branches:
Dungeon (15/15)            Temple (1/1) D:7            Lair (8/8) D:10
  Swamp (0/5) Lair:5        Snake (4/5) Lair:3        Slime (0/6) Lair:6
    Orc (4/4) D:9             Elf (1/3) Orc:4        Vaults (0/5) D:13
 Depths (0/5) D:15

Altars:
Ashenzari
Cheibriados
Dithmenos
Elyvilon
Fedhas
Kikubaaqudgha
Makhleb
Nemelex Xobeh
Okawaru
Ru
Sif Muna
Trog
Vehumet
Xom
The Shining One
Beogh

Shops:
D:9 *   D:10 [   Orc:4 *([[   Snake:1 *?   Snake:3 !   Snake:4 *


Innate Abilities, Weirdness & Mutations

You have razor-sharp teeth.
You regenerate.
When hurt, damage is shared between your health and your magic reserves.
Your bite disrupts and absorbs the magic of your enemies.
Potions and wands cannot restore your health.
You are immune to rotting.


Message History

* * * LOW HITPOINT WARNING * * *
You are poisoned.
You block the black mamba's attack. The black mamba closely misses you.
The naga mage hits you but does no damage.
The anaconda closely misses you. x2
You block the naga's attack. The naga misses you.
The salamander hits you but does no damage. x2
You block the black mamba's attack. The naga warrior misses you.
The naga warrior grabs you. The naga warrior constricts you.
The anaconda closely misses you. The naga mage completely misses you.
Read which item? (? for menu, Esc to quit)
Okay, then.
You escape the naga warrior's grasp.
You feel sick.
You are no longer poisoned.
* * * LOW HITPOINT WARNING * * *
You are poisoned.
The black mamba completely misses you. You block the anaconda's attack.
The anaconda misses you.
The salamander hits you from afar with a halberd!
You die...

...# .....#
##....# #...#.#
###....N####..
#...#.N.#.....
###..)NNNSN.....
.#......S#NS......
.......N@)NNS.....
..#....)SSNN..^###
......NSS.N...#
.#...(........#
/.....#..<.#.##
.#.#.###.....#
#... ..... ...
##.#


You could see a naga warrior, a naga sharpshooter, 5 salamanders, an anaconda, a
naga ritualist, a shock serpent, a mana viper, 4 black mambas, 2 naga magi and 4
nagas.

Vanquished Creatures
  Norris (Snake:3)
  Saint Roka (Orc:4)
  Vashnia (Snake:3)
  Asterion (Snake:1)
  Roxanne (Snake:1)
  Maud (Lair:8)
  Aizul (Snake:1)
  Louise (D:15)
  Gastronok (Lair:2)
  Azrael (Snake:3)
  4 vault guards (D:13)
  Josephine (D:15)
  2 fire dragons
  An ice dragon (D:15)
  Fannar (Lair:2)
  3 naga warriors
  Harold (Lair:8)
  4 anacondas
  4 hydras
  3 centaur warriors
  6 orc high priests (Orc:4)
  3 shock serpents
  Urug (D:13)
  8 naga sharpshooters
  7 skeletal warriors
  An ice devil (IceCv)
  2 salamander mystics
  Erolcha (D:9)
  4 naga ritualists
  6 orc knights
  6 unseen horrors
  3 ice statues
  An ugly thing (D:13)
  A wizard (D:9)
  5 mana vipers
  Pikel (D:7)
  7 hill giants
  The ghost of Chiseanne the Thaumaturge, an experienced DEWr of Vehumet (D:9)
  2 wolf spider zombies (D:15)
  A deep elf conjurer (Elf:1)
  A wolf spider (D:15)
  6 griffons
  8 orc sorcerers
  3 salamanders
  An oklob plant (Snake:3)
  A manticore (D:15)
  22 black mambas
  Maurice (Orc:2)
  2 guardian serpents (Snake:1)
  An elephant (shapeshifter) (D:15)
  14 elephants
  A torpor snail (Lair:6)
  Psyche (Orc:2)
  5 naga magi
  9 spiny frogs
  12 komodo dragons
  3 yaktaurs (D:15)
  A yaktaur (shapeshifter) (D:13)
  3 fire drakes
  An efreet (D:12)
  2 freezing wraiths
  6 trolls
  10 polar bears
  8 blue devils (IceCv)
  A queen bee (shapeshifter) (D:15)
  Sonja (Orc:4)
  11 blink frogs
  A boulder beetle (Lair:7)
  3 slime creatures (D:13)
  A trapdoor spider zombie (D:12)
  A raiju (Lair:8)
  2 centaur simulacra (D:15)
  7 basilisks
  4 snapping turtles (D:10)
  A spriggan (Lair:7)
  3 two-headed ogres
  44 yaks
  5 wyverns
  A deep elf mage (D:12)
  6 wraiths (D:15)
  Grum (D:11)
  3 mottled dragons
  4 steam dragons
  A redback simulacrum (D:15)
  10 hippogriffs
  A neqoxec (Orc:4)
  3 hungry ghosts
  21 water moccasins
  30 wolves
  11 wargs
  6 swamp worms (Lair:5)
  19 nagas
  6 sky beasts
  50 orc warriors
  12 hell hounds
  16 black bears
  8 necrophages
  2 swamp drakes (Lair:8)
  4 porcupines
  3 ice beasts
  A wasp (D:13)
  22 ogres
  8 centaurs
  3 phantoms
  2 boring beetles (Lair:8)
  Sigmund (D:4)
  18 crocodiles
  2 big kobolds
  25 giant frogs
  6 scorpions
  4 wights
  12 killer bees
  9 electric eels
  A quasit (D:13)
  2 goliath beetles
  4 centaur zombies
  3 giant frog zombies
  11 crimson imps
  35 orc priests
  3 centaur skeletons
  4 giant frog skeletons
  Crazy Yiuf (D:2)
  9 iguanas
  34 orc wizards
  19 jellies
  23 hounds
  Natasha (twice) (D:3)
  17 worker ants
  6 sheep (Lair:4)
  Ijyb (D:2)
  Terence (D:2)
  2 mummies
  A worker ant zombie (D:6)
  27 adders
  59 river rats
  2 shadow imps
  4 worms
  10 white imps (IceCv)
  3 giant mites
  5 ufetubi
  An adder zombie (D:9)
  2 adder skeletons
  8 giant geckos
  2 oozes
  263 orcs
  A ball python (D:6)
  31 bats
  4 giant cockroaches
  28 goblins
  18 hobgoblins
  29 jackals
  17 quokkas
  A giant gecko skeleton (D:4)
  5 giant newts
  2 giant spores
  27 kobolds
  A quokka zombie (D:5)
  18 rats
  7 ballistomycetes
  9 fungi
  10 plants
1412 creatures vanquished.

Vanquished Creatures (collateral kills)
  An orc (Orc:4)
1 creature vanquished.

Vanquished Creatures (others)
  A giant frog (D:9)
  A white imp (IceCv)
  4 ufetubi
  2 giant spores (D:15)
  5 plants
13 creatures vanquished.

Grand Total: 1426 creatures vanquished

Notes
Turn   | Place    | Note
--------------------------------------------------------------
     0 | D:1      | Chiseanne, the Vine Stalker Monk, began the quest for the Orb.
     0 | D:1      | Reached XP level 1. HP: 11/11 MP: 1/1
   251 | D:1      | Reached XP level 2. HP: 14/16 MP: 3/3
   406 | D:1      | Reached XP level 3. HP: 19/19 MP: 4/4
   810 | D:2      | Noticed Terence
   824 | D:2      | Killed Terence
   931 | D:2      | Reached XP level 4. HP: 20/24 MP: 3/5
  1028 | D:2      | Noticed Crazy Yiuf
  1037 | D:2      | Killed Crazy Yiuf
  1037 | D:2      | Reached skill level 1 in Armour
  1288 | D:2      | Reached XP level 5. HP: 28/28 MP: 7/7
  1415 | D:2      | Noticed Ijyb
  1423 | D:2      | Killed Ijyb
  1596 | D:2      | Reached skill level 5 in Unarmed Combat
  1603 | D:2      | Found a sparkling altar of Nemelex Xobeh.
  1930 | D:3      | Gained mutation: You heal very quickly. [vine stalker growth]
  1930 | D:3      | Reached XP level 6. HP: 32/32 MP: 6/8
  2050 | D:3      | Noticed Natasha
  2056 | D:3      | Killed Natasha
  2232 | D:3      | Noticed Natasha
  2236 | D:3      | Noticed an ogre
  2243 | D:3      | Killed an ogre
  2254 | D:3      | Killed Natasha
  2273 | D:3      | Reached XP level 7. HP: 37/37 MP: 9/9
  2783 | D:4      | Noticed Sigmund
  2970 | D:4      | Killed Sigmund
  3259 | D:4      | Found a sacrificial altar of Ru.
  3525 | D:5      | Entered Level 5 of the Dungeon
  3564 | D:5      | Reached skill level 5 in Fighting
  3564 | D:5      | Gained mutation: You have razor-sharp teeth. [vine stalker growth]
  3564 | D:5      | Reached XP level 8. HP: 33/43 MP: 8/11
  3571 | D:5      | Identified a +0 rod of inaccuracy (9/9) (You found it on level 5 of the Dungeon)
  3663 | D:5      | Reached skill level 6 in Unarmed Combat
  3810 | D:5      | Reached skill level 5 in Dodging
  4557 | D:6      | Found a white marble altar of Elyvilon.
  4560 | D:6      | Found an ancient bone altar of Kikubaaqudgha.
  4563 | D:6      | Found a burning altar of Makhleb.
  4573 | D:6      | Became a worshipper of Makhleb the Destroyer
  4573 | D:6      | Acquired Makhleb's first power
  4573 | D:6      | Acquired Makhleb's second power
  4584 | D:6      | Found a shadowy altar of Dithmenos.
  4781 | D:6      | Reached skill level 1 in Evocations
  5293 | D:7      | Found a staircase to the Ecumenical Temple.
  5299 | D:7      | Reached XP level 9. HP: 48/48 MP: 12/14
  5306 | Temple   | Entered the Ecumenical Temple
  5416 | D:7      | Reached skill level 7 in Unarmed Combat
  5441 | D:7      | Acquired Makhleb's third power
  5592 | D:7      | Noticed Pikel
  5605 | D:7      | Killed Pikel
  6106 | D:8      | Got a pitted bone ring
  6229 | D:8      | Got a creamy pearl robe
  6240 | D:8      | Identified the +0 robe of the Bulwark {+Blink rF+ MR+ Str-2} (You found it on level 8 of the Dungeon)
  6345 | D:8      | Reached skill level 8 in Unarmed Combat
  6807 | D:9      | Found a glowing golden altar of the Shining One.
  6832 | D:9      | Got a smoking plate armour
  6847 | D:9      | Identified the +6 plate armour "Doje" {+Inv rC++ Slay-5} (You found it on level 9 of the Dungeon)
  6881 | D:9      | Noticed Chiseanne's ghost (experienced DEWr)
  6889 | D:9      | Killed Chiseanne's ghost
  6889 | D:9      | Reached XP level 10. HP: 53/53 MP: 18/18
  6983 | D:9      | Found Cleimel's Assorted Antiques.
  6992 | D:9      | Bought a scroll labeled NOMAAGR AXUL for 24 gold pieces
  6992 | D:9      | Bought a scroll of magic mapping for 84 gold pieces
  6992 | D:9      | Bought a glowing ring mail for 96 gold pieces
  6992 | D:9      | Bought a scroll of immolation for 84 gold pieces
  7110 | D:9      | Found a staircase to the Orcish Mines.
  7120 | D:9      | Noticed Erolcha
  7133 | D:9      | Killed Erolcha
  7171 | D:9      | Reached skill level 9 in Unarmed Combat
  7390 | D:9      | Identified the ring "Gheyttog" {MR+ MP+9 Int+3 Dex+3 Stlth+} (You took it off a hobgoblin on level 8 of the Dungeon)
  7414 | D:9      | Found a shimmering altar of Xom.
  7420 | D:9      | Found an iron altar of Okawaru.
  7526 | D:9      | Acquired Makhleb's fourth power
  7535 | D:9      | Noticed a wizard
  7551 | D:9      | Killed a wizard
  7602 | D:9      | Reached skill level 1 in Shields
  7604 | D:9      | Noticed a freezing wraith
  7613 | D:9      | Killed a freezing wraith
  7898 | D:10     | Entered Level 10 of the Dungeon
  7914 | D:10     | Reached XP level 11. HP: 55/58 MP: 19/19
  7941 | D:10     | Found Jiomixox's Antique Armour Shop.
  7951 | D:10     | Bought a translucent scale mail for 243 gold pieces
  7951 | D:10     | Bought a glowing cloak for 121 gold pieces
  7973 | D:10     | Identified the +4 scale mail "Joeneeci" {-Tele rC- rN+ Str+3 Dex+10} (You bought it in a shop on level 10 of the Dungeon)
  8041 | D:10     | Acquired Makhleb's fifth power
  8156 | D:10     | Killed an unseen horror
  8478 | D:10     | Noticed a hill giant
  8508 | D:10     | Killed an unseen horror
  8513 | D:10     | Killed a hill giant
  8834 | D:10     | Found a staircase to the Lair.
  8925 | D:10     | Reached skill level 10 in Unarmed Combat
  9186 | Lair:1   | Entered Level 1 of the Lair of Beasts
  9422 | Lair:1   | Noticed a four-headed hydra
  9431 | Lair:1   | Killed a four-headed hydra
  9431 | Lair:1   | Reached skill level 5 in Armour
 10191 | Lair:2   | Gained mutation: You regenerate. [vine stalker growth]
 10191 | Lair:2   | Reached XP level 12. HP: 57/65 MP: 20/20
 10203 | Lair:2   | Noticed Fannar
 10225 | Lair:2   | Killed Fannar
 10235 | Lair:2   | Got an ancient whip
 10236 | Lair:2   | Identified the +12 whip of Disorder {speed, -Cast -Tele +Inv Int+8} (You found it on level 2 of the Lair of Beasts)
 10421 | Lair:2   | Found a blossoming altar of Fedhas.
 10440 | Lair:2   | Noticed Gastronok
 10452 | Lair:2   | Killed Gastronok
 10452 | Lair:2   | Reached skill level 11 in Unarmed Combat
 10805 | Lair:3   | Found a staircase to the Snake Pit.
 11110 | Lair:3   | Reached skill level 5 in Shields
 11746 | Lair:4   | Reached skill level 10 in Dodging
 11967 | Lair:4   | Reached XP level 13. HP: 70/70 MP: 21/21
 12058 | Lair:4   | Noticed a seven-headed hydra
 12063 | Lair:4   | Killed a seven-headed hydra
 12063 | Lair:4   | Reached skill level 12 in Unarmed Combat
 12949 | Lair:5   | Found a staircase to the Swamp.
 13399 | Lair:6   | Found a staircase to the Slime Pits.
 14508 | Lair:7   | Reached XP level 14. HP: 76/76 MP: 22/22
 14823 | Lair:7   | Reached skill level 10 in Fighting
 14896 | Lair:7   | Reached skill level 13 in Unarmed Combat
 15070 | Lair:8   | Entered Level 8 of the Lair of Beasts
 15229 | Lair:8   | Noticed Maud
 15237 | Lair:8   | Killed Maud
 15419 | Lair:8   | Noticed Harold
 15429 | Lair:8   | Killed Harold
 16224 | Lair:8   | Identified a +3 rod of shadows (14/14) (You found it on level 8 of the Lair of Beasts)
 16871 | Orc:1    | Entered Level 1 of the Orcish Mines
 17200 | Orc:2    | Noticed Maurice
 17218 | Orc:2    | Killed Maurice
 17660 | Orc:2    | Noticed Psyche
 17664 | Orc:2    | Killed Psyche
 18304 | Orc:4    | Entered Level 4 of the Orcish Mines
 18410 | Orc:4    | Found a roughly hewn altar of Beogh.
 18469 | Orc:4    | Reached XP level 15. HP: 81/81 MP: 23/23
 18530 | Orc:4    | Found Emumn's General Store.
 18549 | Orc:4    | Bought a meat ration for 70 gold pieces
 18549 | Orc:4    | Bought a scroll of teleportation for 42 gold pieces
 18555 | Orc:4    | Found Nehesa Clofa's Weapon Shoppe.
 19052 | Orc:4    | Reached skill level 14 in Unarmed Combat
 19101 | Orc:4    | Noticed Saint Roka
 19119 | Orc:4    | Killed Saint Roka
 19119 | Orc:4    | Reached skill level 10 in Shields
 19143 | Orc:4    | Found a roughly hewn altar of Beogh.
 19200 | Orc:4    | Found Cupolaz's Antique Armour Emporium.
 19212 | Orc:4    | Bought a shiny buckler for 139 gold pieces
 19383 | Orc:4    | Found Zydoz's Antique Armour Shoppe.
 19422 | Orc:4    | Bought the +2 hat of the Bear Spirit {Spirit, +Rage rN+ MR++} for 742 gold pieces
 19422 | Orc:4    | Bought a glowing shield for 90 gold pieces
 19618 | Orc:4    | Noticed Sonja
 19622 | Orc:4    | Killed Sonja
 19833 | Orc:4    | Found a staircase to the Elven Halls.
 19990 | Elf:1    | Entered Level 1 of the Elven Halls
 20202 | D:11     | Noticed Grum
 20225 | D:11     | Killed Grum
 21709 | D:13     | Found a gate to the Vaults.
 21743 | D:13     | Reached XP level 16. HP: 87/87 MP: 24/24
 21780 | D:13     | Noticed Urug
 21788 | D:13     | Killed Urug
 21863 | D:13     | Learned a level 1 spell: Apportation
 22699 | D:15     | Entered Level 15 of the Dungeon
 22699 | D:15     | Noticed Louise
 22711 | D:15     | Killed Louise
 22941 | D:15     | Found a shattered altar of Ashenzari.
 22999 | D:15     | Reached skill level 15 in Unarmed Combat
 23012 | D:15     | Found a frozen archway.
 23081 | IceCv    | Entered an ice cave
 23303 | IceCv    | Got a crystal demon trident
 23433 | D:15     | Identified the +3 demon trident "Dragon's Regret" {pain, SInv} (You found it in an ice cave)
 23542 | D:15     | Noticed Josephine
 23547 | D:15     | Killed Josephine
 23654 | D:15     | Found a staircase to the Depths.
 24554 | D:10     | Noticed a hill giant
 24559 | D:10     | Killed a hill giant
 25303 | Snake:1  | Entered Level 1 of the Snake Pit
 25303 | Snake:1  | Noticed Roxanne
 25321 | Snake:1  | Killed Roxanne
 25482 | Snake:1  | Noticed Asterion
 25495 | Snake:1  | Killed Asterion
 25824 | Snake:1  | Found Sumutasi's Magic Scroll Emporium.
 25832 | Snake:1  | Bought a scroll of identify for 40 gold pieces
 25832 | Snake:1  | Bought a scroll of identify for 40 gold pieces
 25832 | Snake:1  | Bought a scroll of identify for 40 gold pieces
 25832 | Snake:1  | Bought a scroll of identify for 40 gold pieces
 25832 | Snake:1  | Bought a scroll of identify for 40 gold pieces
 25832 | Snake:1  | Bought a scroll of fog for 40 gold pieces
 25832 | Snake:1  | Bought a scroll of magic mapping for 70 gold pieces
 25920 | Snake:1  | Noticed Aizul
 25933 | Snake:1  | Killed Aizul
 25938 | Snake:1  | Found Qoil Ona's Assorted Antiques.
 25945 | Snake:1  | Bought a scroll of remove curse for 78 gold pieces
 25945 | Snake:1  | Bought a scroll of immolation for 91 gold pieces
 25945 | Snake:1  | Bought a scroll labeled MAERHE TIXU for 26 gold pieces
 25945 | Snake:1  | Bought a scroll of brand weapon for 520 gold pieces
 25945 | Snake:1  | Bought a potion of curing for 78 gold pieces
 26303 | Snake:2  | Reached XP level 17. HP: 85/92 MP: 25/25
 26804 | Snake:3  | Found a shadowy altar of Dithmenos.
 26827 | Snake:3  | Found Crequeps' Distillery.
 26835 | Snake:3  | Bought a potion of curing for 42 gold pieces
 26835 | Snake:3  | Bought a potion of agility for 56 gold pieces
 26835 | Snake:3  | Bought a potion of curing for 42 gold pieces
 26835 | Snake:3  | Bought a potion of resistance for 140 gold pieces
 26835 | Snake:3  | Bought a potion of cancellation for 112 gold pieces
 26835 | Snake:3  | Bought a potion of resistance for 140 gold pieces
 26835 | Snake:3  | Bought a potion of might for 56 gold pieces
 26898 | Snake:3  | Found a radiant altar of Vehumet.
 26969 | Snake:3  | Noticed Norris
 26983 | Snake:3  | Killed Norris
 27085 | Snake:3  | Noticed Vashnia
 27121 | Snake:3  | Killed Vashnia
 27203 | Snake:3  | Noticed Azrael
 27218 | Snake:3  | Killed Azrael
 27476 | Snake:4  | Found Noocw's Assorted Antiques.
 27511 | Snake:4  | HP: 3/93 [naga ritualist/Olgreb's Toxic Radiance (4)]
 27511 | Snake:4  | Slain by a salamander

Action                   |  1- 3 |  4- 6 |  7- 9 | 10-12 | 13-15 | 16-18 || total
-------------------------+-------+-------+-------+-------+-------+-------++-------
Melee: Unarmed           |    85 |    13 |   313 |   467 |  1262 |   516 ||  2656
       Quarterstaff      |       |   105 |    43 |       |       |       ||   148
       Whip              |       |       |       |     7 |       |       ||     7
 Fire: Blowgun           |       |       |       |       |       |     7 ||     7
Throw: Stone             |       |       |     3 |       |       |       ||     3
       Tomahawk          |       |       |     1 |     9 |     1 |       ||    11
       Javelin           |       |       |       |       |    25 |     6 ||    31
Evoke: Rod               |       |       |     2 |       |       |       ||     2
       Wand              |       |       |       |     1 |     4 |     3 ||     8
       Lamp of fire      |       |       |       |       |     1 |       ||     1
       Stone of tremors  |       |       |       |       |       |     1 ||     1
  Use: Scroll            |       |     6 |    13 |     6 |     8 |    14 ||    47
       Potion            |       |     3 |     1 |       |     5 |     6 ||    15
 Stab: Invisible         |       |     1 |       |       |       |       ||     1
       Sleeping          |       |       |    11 |    12 |    14 |    11 ||    48
       Petrifying        |       |       |     1 |       |       |       ||     1
       Petrified         |       |       |     1 |       |       |       ||     1
       Distracted        |       |       |       |       |     3 |       ||     3
  Eat: Chunk             |       |     5 |    13 |    15 |    25 |     1 ||    59
       Beef jerky        |       |       |     1 |       |       |     3 ||     4
       Pizza             |       |       |       |     1 |       |     2 ||     3
       Fruit             |       |       |       |       |     9 |     4 ||    13
       Royal jelly       |       |       |       |       |       |     7 ||     7
